 Dungeon Crawl Stone Soup version 0.23.2-40-g277498a001 (webtiles) character file.

Game seed: 3461367849752290992

2566 Destapler the Blocker (level 9, 0/75 HPs)
             Began as a Formicid Fighter on Sept 28, 2019.
             Was a Follower of Cheibriados.
             Killed from afar by a steam dragon (19 damage)
             ... with a ball of steam
             ... on level 7 of the Dungeon.
             The game lasted 00:29:49 (7333 turns).

Destapler the Blocker (Formicid Fighter)            Turns: 7333, Time: 00:29:49

Health: 0/75       AC:  8    Str: 25    XL:     9   Next: 87%
Magic:  9/11       EV: 14    Int: 11    God:    Cheibriados [*.....]
Gold:   369        SH: 13    Dex: 17    Spells: 8/8 levels left

rFire    . . .     SeeInvis +   s - +0 scythe
rCold    . . .     Gourm    .   c - +1 shield
rNeg     . . .     Faith    .   b - +0 scale mail
rPois    +         Spirit   .   (helmet unavailable)
rElec    .         Reflect  .   x - scarf {repulsion}
rCorr    +         Harm     .   r - +0 pair of gloves
MR       .....                  (no boots)
Stlth    +.........             (no amulet)
HPRegen  0.22/turn              t - ring of poison resistance
MPRegen  0.12/turn              q - ring of resist corrosion

@: agile, repel missiles, very slow
A: permanent stasis, dig shafts and tunnels, four strong arms, antennae 3
a: Dig, Shaft Self, Bend Time, Renounce Religion


You were on level 7 of the Dungeon.
You worshipped Cheibriados.
Cheibriados was aware of your devotion.
You were not hungry.

You visited 2 branches of the dungeon, and saw 8 of its levels.
You also visited: Sewer.

You collected 369 gold pieces.

Inventory:

Hand Weapons
 a - a +0 trident
 n - a +2 dagger of venom
 s - a +0 scythe (weapon)
Missiles
 i - 237 stones (quivered)
 l - 10 tomahawks
 u - 8 javelins
 C - 3 throwing nets
Armour
 b - a +0 scale mail (worn)
 c - a +1 shield (worn)
 o - a +0 cloak
 r - a +0 pair of gloves (worn)
 x - a scarf of repulsion (worn)
Jewellery
 h - an uncursed ring of wizardry
 q - a ring of resist corrosion (right hand)
 t - a ring of poison resistance (left hand)
Wands
 A - a wand of flame (13)
 B - a wand of polymorph (7)
Scrolls
 d - a scroll of amnesia
 e - a scroll of magic mapping
 g - 3 scrolls of identify
 k - 2 scrolls of remove curse
 y - a scroll of fog
Potions
 m - a potion of resistance
 p - a potion of brilliance
 v - 2 potions of lignification
 w - a potion of heal wounds
Comestibles
 f - 10 rations


   Skills:
 + Level 8.5 Fighting
 + Level 7.4 Polearms
 - Level 3.2 Armour
 - Level 9.0 Shields
 + Level 3.9 Invocations


You had 8 spell levels left.
You didn't know any spells.
Your spell library contained the following spells:

 Spells                   Type           Power        Failure   Level  Hunger
 Animate Skeleton         Necr           N/A          63%         1    ##.....
 Apportation              Tloc           #.....       63%         1    ##.....
 Beastly Appendage        Tmut           #.....       63%         1    ##.....
 Confusing Touch          Hex            #.....       63%         1    ##.....
 Summon Small Mammal      Summ           #...         63%         1    ##.....
 Sticks to Snakes         Tmut           #.......     77%         2    ###....
 Spider Form              Tmut/Pois      #.........   94%         3    ####...
 Ice Form                 Ice/Tmut       #.......     100%        4    #####..
 Blade Hands              Tmut           #.........   100%        5    ######.


Dungeon Overview and Level Annotations

Branches:
Dungeon (7/15)             Temple (1/1) D:5

Altars:
Ashenzari
Cheibriados
Dithmenos
Elyvilon
Fedhas
Gozag
Hepliaklqana
Kikubaaqudgha
Makhleb
Nemelex Xobeh
Okawaru
Qazlal
Ru
Sif Muna
Uskayaw
Vehumet
Wu Jian
Xom
Yredelemnul
Zin
The Shining One


Innate Abilities, Weirdness & Mutations

You cannot be hasted, slowed, berserked, paralysed or teleported.
You can dig through walls and to a lower floor.
Your four strong arms can wield two-handed weapons with a shield.
You have a pair of large antennae on your head. (SInv)


Message History

The hippogriff pecks you but does no damage.
The hippogriff claws you but does no damage.
The hippogriff misses you.
The hippogriff pecks you but does no damage.
The hippogriff claws you but does no damage.
You slash the hippogriff!
You kill the hippogriff!
Cheibriados appreciates the change of pace.
The steam dragon breathes steam at you. The ball of steam misses you.
You closely miss the steam dragon.
You are engulfed in a cloud of scalding steam.
You block the steam dragon's attack. x2; The steam dragon bites you.
* * * LOW HITPOINT WARNING * * *
The steam dragon closely misses you.
You closely miss the steam dragon. You block the steam dragon's attack.
The steam dragon barely misses you. The steam dragon breathes steam at you.
The ball of steam hits you!!
You die...

#(# ######## #.#
#......# #.# #.####.#
##(## #.####.##
###.).####.......#
.....
.............##..#
...{
###...####.....§§# ...
##.## #######§# .{D
#.# #@# #.# #.# #D#
#.# #+# #.### #.#
#...# ###.###
#####.### #..H..###
#.......# #.......#
#......#.###.......#
......................
##......#[###......###


You could see a steam dragon.

Vanquished Creatures
  A hippogriff (D:7)
  Sigmund (D:4)
  Eustachio (D:5)
  Menkaure (D:5)
  Duvessa (D:6)
  A water moccasin (D:3)
  2 sky beasts
  2 ogres (D:2)
  A phantom (D:4)
  2 centaurs
  A crocodile (Sewer)
  A bullfrog (D:4)
  A gnoll sergeant (D:6)
  Dowan (D:6)
  2 scorpions
  2 howler monkeys (D:4)
  3 hounds
  3 orc wizards
  2 orc priests (D:6)
  2 bullfrog skeletons
  4 iguanas
  A worker ant (D:4)
  11 gnolls
  10 adders
  An adder skeleton (D:4)
  8 worms
  A leopard gecko (D:3)
  10 orcs
  A ball python (D:1)
  12 bats
  4 giant cockroaches
  10 goblins
  4 hobgoblins
  11 jackals
  A kobold (D:1)
  3 quokkas
  7 frilled lizards
  A leopard gecko skeleton (D:4)
  A rat (D:2)
132 creatures vanquished.

Notes
Turn   | Place    | Note
-------+----------+-------------------------------------------
     0 | D:1      | Destapler the Formicid Fighter began the quest for the Orb.
     0 | D:1      | Reached XP level 1. HP: 18/18 MP: 1/1
   142 | D:1      | Reached XP level 2. HP: 24/24 MP: 2/2
   209 | D:1      | Reached skill level 4 in Shields
   289 | D:1      | Reached XP level 3. HP: 30/30 MP: 3/3
   976 | D:2      | Noticed an ogre
  1038 | D:2      | Noticed an ogre
  1059 | D:2      | Killed an ogre
  1059 | D:2      | Reached XP level 4. HP: 14/38 MP: 4/4
  1059 | D:2      | Reached XP level 5. HP: 16/43 MP: 5/5
  1205 | D:2      | Reached skill level 5 in Shields
  1930 | D:2      | Killed an ogre
  1930 | D:2      | Reached skill level 5 in Fighting
  1930 | D:2      | Reached XP level 6. HP: 37/51 MP: 6/6
  1997 | D:2      | Found a sacrificial altar of Ru.
  2487 | D:3      | Noticed a water moccasin
  2502 | D:3      | Killed a water moccasin
  2502 | D:3      | Reached XP level 7. HP: 32/56 MP: 7/7
  2664 | D:3      | Reached skill level 6 in Shields
  2686 | D:3      | Found a sparkling altar of Nemelex Xobeh.
  2688 | D:3      | Found a deep blue altar of Sif Muna.
  3004 | D:3      | Found a glowing drain.
  3013 | Sewer    | Entered a sewer
  3373 | D:4      | You fall through a shaft for 2 floors!
  3422 | D:5      | Entered Level 5 of the Dungeon
  3426 | D:5      | Noticed Menkaure
  3433 | D:5      | Killed Menkaure
  3433 | D:5      | Reached skill level 5 in Polearms
  3439 | D:5      | Reached XP level 8. HP: 42/64 MP: 8/8
  3580 | D:4      | Reached skill level 7 in Shields
  4072 | D:4      | Noticed Sigmund
  4082 | D:4      | Killed Sigmund
  4459 | D:4      | Found a shadowy altar of Dithmenos.
  4510 | D:5      | Reached skill level 8 in Shields
  4631 | D:5      | Reached XP level 9. HP: 72/72 MP: 9/9
  4747 | D:5      | Noticed Eustachio
  4773 | D:5      | Killed Eustachio
  4831 | D:5      | Found a staircase to the Ecumenical Temple.
  4930 | Temple   | Entered the Ecumenical Temple
  5097 | Temple   | Became a worshipper of Cheibriados the Contemplative
  5440 | D:6      | Reached skill level 1 in Invocations
  5458 | D:6      | Noticed Duvessa
  5469 | D:6      | Killed Duvessa
  5472 | D:6      | Noticed Dowan
  5488 | D:6      | Killed Dowan
  6849 | D:6      | Reached skill level 9 in Shields
  7158 | D:7      | Reached * piety under Cheibriados
  7308 | D:7      | Noticed a hippogriff
  7328 | D:7      | HP: 3/75 [hippogriff (2)]
  7331 | D:7      | Killed a hippogriff
  7333 | D:7      | Killed from afar by a steam dragon

Skill      XL: |  1  2  3  4  5  6  7  8  9 |
---------------+----------------------------+-----
Shields        | 4 5 6 8 9 |  9.0
Fighting       | 4 5 6 7 8 |  8.5
Polearms       | 3 4 5 6 7 |  7.4
Invocations    | 3 |  3.9
Armour         | |  3.2

Action                   |  1- 3 |  4- 6 |  7- 9 || total
-------------------------+-------+-------+-------++-------
Melee: Trident           |   110 |   107 |   222 ||   439
       Scythe            |       |       |   185 ||   185
Throw: Stone             |     6 |     2 |     3 ||    11
Invok: Bend Time         |       |       |     2 ||     2
  Use: Potion            |     5 |     3 |     5 ||    13
       Scroll            |       |     6 |     8 ||    14
  Eat: Chunk             |     1 |     4 |    18 ||    23
Armor: Scale mail        |    85 |    44 |   159 ||   288
       Skin              |       |       |     5 ||     5
Dodge: Dodged            |    91 |    35 |   196 ||   322
       Deflected         |       |       |     9 ||     9
Block: Shield            |       |       |   194 ||   194
